 Dungeon Crawl Stone Soup version 0.30-a0-377-g5cb311bc9f (webtiles) character file.

Game seed: 16234524299715392133

349 retardedninja the Trooper (level 6, -1/84 HPs)
             Began as a Hill Orc Fighter on Nov 30, 2022.
             Slain by a gnoll
             ... wielding a +0 club
              (4 damage)
             ... on level 3 of the Dungeon.
             The game lasted 00:04:18 (4530 turns).

retardedninja the Trooper (Hill Orc Fighter)        Turns: 4530, Time: 00:04:19

Health: -1/84      AC: 23    Str: 21      XL:     6   Next: 60%
Magic:  6/6        EV:  2    Int:  8      God:
Gold:   203        SH:  4    Dex:  8 (10) Spells: 5/5 levels left

rFire   . . .      SeeInvis .    a - +0 war axe
rCold   . . .      Faith    .    c - +0 buckler
rNeg    . . .      Spirit   .    (body armour currently unavailable)
rPois   +          Reflect  .    (helmet currently unavailable)
rElec   .          Harm     .    (cloak currently unavailable)
rCorr   .          Rampage  .    (gloves currently unavailable)
Will    .....      NoTele   +    (boots currently unavailable)
Stlth   +.........               (no amulet)
HPRegen 0.34/turn                (no ring)
MPRegen 0.10/turn                (no ring)

@: tree-form, hasted, very quick
A: stationary, stasis, torment immunity, boosted hp
a: no special abilities


You were on level 3 of the Dungeon.
You were a tree.
You visited 1 branch of the dungeon, and saw 6 of its levels.

You collected 203 gold pieces.

Inventory:

Hand Weapons
 a - a +0 war axe (weapon)
Armour
 b - a +0 scale mail (melded)
 c - a +0 buckler (worn)
 l - a +0 helmet (melded)
 n - a +0 pair of boots
Scrolls
 d - a scroll of blinking {unknown}
 e - 2 scrolls of immolation {unknown}
 f - 2 scrolls of poison {unknown}
 g - a scroll of brand weapon {unknown}
 h - 3 scrolls of identify {unknown}
 i - a scroll of amnesia {unknown}
 m - a scroll of summoning {unknown}
Potions
 j - 2 potions of lignification


   Skills:
 + Level 5.2 Fighting
 + Level 5.0 Axes
 + Level 4.8 Armour
 + Level 4.8 Shields


You had 5 spell levels left.
You didn't know any spells.
Your spell library contained the following spells:

 Spells                   Type           Power      Damage    Failure   Level
 Gell's Gravitas          Tloc           0%         N/A       86%         3
 Teleport Other           Tloc           0%         N/A       86%         3
 Dispersal                Tloc           0%         N/A       100%        6


Dungeon Overview and Level Annotations

Branches:
Dungeon (6/15)
 Temple: D:4-7

Altars:
The Shining One

Shops:
D:1 !   D:3 *

Annotations:
D:4 Edmund


Message History

You hit the gnoll.
The gnoll is heavily wounded.
You barely miss the gnoll. The gnoll hits you but does no damage.
The gnoll hits you with a +0 flail.
Unknown command.
You closely miss the gnoll.
The gnoll is heavily wounded.
You hit the gnoll. The gnoll barely misses you. You block the gnoll's attack.
The gnoll hits you but does no damage. The gnoll closely misses you.
Unknown command.
You hit the gnoll.
The gnoll is severely wounded.
You closely miss the gnoll. The gnoll barely misses you.
The gnoll hits you with a +0 flail.
Unknown command.
You barely miss the gnoll.
The gnoll is severely wounded.
You barely miss the gnoll. The gnoll hits you with a +0 club!
The gnoll hits you with a +0 flail!
You are too injured to fight recklessly!
You closely miss the gnoll.
The gnoll is moderately wounded.
You hit the gnoll. The gnoll closely misses you.
The gnoll hits you but does no damage.
You slash the gnoll!
The gnoll is severely wounded.
You hit the gnoll but do no damage. The gnoll barely misses you.
The gnoll hits you with a +0 flail. The gnoll hits you with a +0 club.
* * * LOW HITPOINT WARNING * * *
The gnoll hits you with a +0 flail!
* * * LOW HITPOINT WARNING * * *
It was a potion of lignification.
You turn into a tree.
Your +0 helmet melds into your body.
Your +0 scale mail melds into your body.
Your roots penetrate the ground.
The gnoll hits you but does no damage. The gnoll hits you with a +0 flail!
* * * LOW HITPOINT WARNING * * *
It was a potion of haste.
You feel yourself speed up. The gnoll hits you with a +0 club.
You die...

#................#
#.#######'#.......
#.....#.+∩+...##.#
#.###...#'##..##.#
#.# #.........##.#
#.# ####.#.#.###.#
#.# #.#.#.###.#
#g######.#.......#
#♣g......###.#####
###.###### #.# #...#
#.# ######''### #.#
###
#..#.†....####.###.#
#.##.#.##.#.......#.
#..'.#.#..+.#....###
#..'..#.#.+....⌠....
#.##.##.#.###.#.#..#


You could see 2 gnolls.

Vanquished Creatures
  An ogre (D:4)
  A scorpion (D:4)
  A hound (D:3)
  A jelly (D:3)
  An iguana (D:3)
  3 adders
  A gnoll (D:2)
  A worm (D:2)
  2 dart slugs (D:1)
  An orc (D:4)
  5 ball pythons (D:1)
  14 endoplasms
  2 giant cockroaches
  8 goblins
  5 hobgoblins
  2 jackals (D:2)
  12 kobolds
  6 bats
  2 frilled lizards (D:2)
  8 rats
77 creatures vanquished.

Vanquished Creatures (others)
  A butterfly (D:4)
  A plant (D:3)
2 creatures vanquished.

Grand Total: 79 creatures vanquished

Notes
Turn   | Place    | Note
-------+----------+-------------------------------------------
     0 | D:1      | retardedninja the Hill Orc Fighter began the quest for the
                  | Orb.
     0 | D:1      | Reached XP level 1. HP: 19/19 MP: 1/1
    33 | D:1      | Reached XP level 2. HP: 8/27 MP: 2/2
   540 | D:1      | Found Xake Mif's Distillery.
   647 | D:1      | Reached XP level 3. HP: 33/33 MP: 3/3
  1138 | D:2      | Reached XP level 4. HP: 22/40 MP: 4/4
  2262 | D:3      | Found a glowing golden altar of the Shining One.
  2295 | D:3      | You fall into a shaft and drop 2 floors!
  2295 | D:5      | Entered Level 5 of the Dungeon
  2344 | D:5      | Noticed a scorpion
  2383 | D:5      | Noticed a scorpion
  2396 | D:4      | Killed a scorpion
  2397 | D:4      | Reached XP level 5. HP: 22/47 MP: 5/5
  2822 | D:4      | Noticed an ogre
  2833 | D:4      | Killed an ogre
  2834 | D:4      | Reached skill level 5 in Fighting
  2834 | D:4      | Reached XP level 6. HP: 27/56 MP: 6/6
  3203 | D:3      | Found Zanokke's Assorted Antiques.
  3822 | D:4      | Noticed Edmund
  3963 | D:3      | Reached skill level 5 in Axes
  4529 | D:3      | HP: 2/84 [gnoll/+0 flail (7)]
  4530 | D:3      | Slain by a gnoll

Illustrated notes

Levels and vault maps discovered:
D:1:      minmay_arrival_plants_in_alcoves, layout_loops_ring, serial_shops,
          nicolae_shop_stone, skrybe_limestone_x, serial_bayou_crossing
D:2:      layout_loops_cross, cheibrodos_gnoll_hut
D:3:      layout_loops_corners, tso_oasis_becter, serial_shops,
          nicolae_shop_behind_doors, chequers_serial_rivers_marsh,
          hangedman_feature_mirror, corexii_leaking_fountain,
          minmay_misc_feat_doors, kennysheep_generic_room_12
D:4:      layout_basic, riverfiend_overflow_shadow_ancestor,
          nicolae_elyvilon_peaceful_grove, lemuel_coloured_pillars_altar,
          minmay_temple_entry_glassed_door, kennysheep_generic_room_16,
          uniq_natasha, uniq_blork_the_orc, uniq_edmund
D:5:      layout_basic, uniq_pikel
D:6:      lemuel_castle_with_subvaults [lemuel_castle_interior_carwin_3],
          layout_rooms

Skill      XL: |  1  2  3  4  5  6 |
---------------+-------------------+-----
Axes           | 3 4 5 |  5.0
Fighting       | 4 5 |  5.2
Armour         | 4 |  4.8
Shields        | 4 |  4.8

Action                   |  1- 3 |  4- 6 || total
-------------------------+-------+-------++-------
Melee: War axe           |    79 |   147 ||   226
  Use: Potion            |       |     7 ||     7
Armor: Scale mail        |    40 |   109 ||   149
       Skin              |       |     1 ||     1
Dodge: Dodged            |    40 |   101 ||   141
Block: Buckler           |    25 |    43 ||    68

Table legend: (Time is in decaauts)
 A = Elapsed time spent in this place.
 B = Non-inter-level travel time spent in this place.
 C = Inter-level travel time spent in this place.
 D = Time resting spent in this place.
 E = Time spent auto-exploring this place.
 F = Levels seen in this place.
 G = Mean time per level.
                   A        B        C        D        E       F      G
               +--------+--------+--------+--------+--------+-----+--------+
         Total |   4626 |   4435 |    191 |   1767 |   2020 |   6 |  771.0 |
       Dungeon |   4626 |   4435 |    191 |   1767 |   2020 |   6 |  771.0 |
               +--------+--------+--------+--------+--------+-----+--------+

Top non-repeatable levels by time:
     D:3: 1490 daAuts
     D:1: 1143 daAuts
     D:2: 1077 daAuts
     D:4: 825 daAuts
     D:5: 59 daAuts
     D:6: 31 daAuts
